Match 44389157
Unlisted

Match 44389157
End
Pioneer Squad
Selects Italian Coastal Battlegroup
Selects Italian Coastal Battlegroup
Selects Coastal Reserves
Coastal Reserve
Coastal Reserve
Coastal Reserve
Medical Station
Construct Infanterie Kompanie
Infanterie Officer Quarters
Selects Artillery Officer
Artillery Officer
Construct Panzergrenadier Kompanie
Support Elements
Panzergrenadier Officer Quarters
Selects Support Bunkers
Selects Rapid Fortifications
Rapid Fortifications
Anti-tank Bunker
Nebelwerfer 42 Rocket Launcher Team
Rapid Fortifications
Anti-tank Bunker
Nebelwerfer 42 Rocket Launcher Team
Selects Bulwark
Side Skirts
Rapid Fortifications
MG 42 Bunker
Door
frostie
화나?너못하자나
STALKER4732
kit.ohume
Devochkin
0
0

Comments sign in to comment!

No comments posted yet!